 Dungeon Crawl Stone Soup version 0.23-a0-667-gc184e93 (console) character file.

140 Voker57 the Slasher (level 5, -10/41 HPs)
             Began as a Demonspawn Gladiator on Jan 8, 2019.
             Killed from afar by Ijyb (19 damage)
             ... with a wand of acid (3)
             ... on level 3 of the Dungeon.
             The game lasted 00:03:08 (2946 turns).

Voker57 the Slasher (Demonspawn Gladiator)          Turns: 2946, Time: 00:03:09

Health: -10/41     AC:  2    Str: 15    XL:     5   Next: 2%
Magic:  0/5        EV: 13    Int:  9    God:
Gold:   169        SH:  0    Dex: 15    Spells: 4/4 levels left

rFire    . . .     SeeInvis .   a - +0 long sword
rCold    . . .     Gourm    .   (no shield)
rNeg     . . .     Faith    .   b - +0 leather armour
rPois    .         Spirit   +   (helmet restricted)
rElec    .         Reflect  .   (no cloak)
rCorr    .         Harm     .   e - +0 pair of gloves
MR       +....                  (no boots)
Stlth    +.........             (no amulet)
HPRegen  0.13/turn              i - ring of protection from magic
MPRegen  0.09/turn              (no ring)

@: corroded
A: horns 1, icy blue scales 1, magic shield
a: no special abilities


You were on level 3 of the Dungeon.
You were not hungry.

You visited 1 branch of the dungeon, and saw 3 of its levels.

You collected 169 gold pieces.

Inventory:

Hand Weapons
 a - a +0 long sword (weapon)
 r - a +2 morningstar of protection
Missiles
 d - 3 throwing nets (quivered)
Armour
 b - a +0 leather armour (worn)
 c - a +0 helmet
 e - a +0 pair of gloves (worn)
 p - a +0 buckler
Jewellery
 g - an uncursed ring of flight {unknown}
 h - a +2 ring of dexterity {unknown}
 i - a ring of protection from magic (left hand)
 j - an uncursed ring of protection from magic
 m - an uncursed ring of stealth {unknown}
Scrolls
 k - a scroll of random uselessness
 n - a scroll of teleportation
 o - a scroll of identify
 q - a scroll of amnesia {unknown}
Potions
 l - 2 potions of heal wounds
 s - a potion of degeneration {unknown}
Comestibles
 f - 3 rations
 t - a chunk of flesh


   Skills:
 + Level 3.1 Fighting
 * Level 4.1 Long Blades
 - Level 1.7 Throwing
 + Level 3.4 Dodging


You had 4 spell levels left.
You didn't know any spells.
Your spell library was empty.

Dungeon Overview and Level Annotations

Branches:
Dungeon (3/15)

Altars:
Fedhas

Annotations:
D:2 exclusion: oklob plant
D:3 Ijyb


Innate Abilities, Weirdness & Mutations

You have a pair of small horns on your head.
You are partially covered in icy blue scales. (AC +2)
When hurt, damage is shared between your health and your magic reserves.


Message History

You see here a bat skeleton.
Eat a chunk of flesh? (ye/n/q)
You eat the chunk of flesh.
This raw flesh tastes terrible.
You see here a bat corpse.
You butcher the bat corpse.
t - a chunk of flesh You see here a bat skeleton.
Ijyb shouts!
Ijyb is too close now for your liking.
Ijyb is nearby!
Ijyb is nearby!
Ijyb closely misses you.
You riposte.
You closely miss Ijyb.
Your headbutt You closely miss Ijyb.
Your headbutt misses Ijyb.
Ijyb zaps a wand.
The bolt of acid hits you! The acid corrodes you!
You are splashed with acid!
The acid burns!
* * * LOW HITPOINT WARNING * * *
You hit Ijyb.
Ijyb is lightly wounded.
Ijyb hits you but does no damage.
Ijyb zaps a wand.
The bolt of acid hits you!
You die...

#............#######.#
#........÷............
#....÷........######.#
#..................#.#
#.........###.####.#.#
####...#..)##.# #.#÷.
#...#...##.# #.#..
#...#...##.####.#..
#...#...##>..).....
#.@.#...#######.##.
#.g.#...'.....#....
#...#...#####.#####
#####...#...# #.#
........#...# #.#
........#...# #.#
........#...# #.#
.......###### #.#
........†.#######.#
............gl....#


You could see Ijyb.

Vanquished Creatures
  7 adders
  An ooze (D:2)
  2 worms (D:2)
  3 dart slugs
  A leopard gecko (D:1)
  3 orcs (D:3)
  2 giant cockroaches
  8 hobgoblins
  4 kobolds
  2 ball pythons
  8 bats
  6 frilled lizards
  5 goblins
  A leopard gecko zombie (D:3)
  9 rats
62 creatures vanquished.

Vanquished Creatures (others)
  A goblin (D:3)
1 creature vanquished.

Grand Total: 63 creatures vanquished

Notes
Turn   | Place    | Note
-------+----------+-------------------------------------------
     0 | D:1      | Voker57 the Demonspawn Gladiator began the quest for the
                  | Orb.
     0 | D:1      | Reached XP level 1. HP: 16/16 MP: 1/1
   144 | D:1      | Reached skill level 3 in Long Blades
   176 | D:1      | Gained mutation: You are partially covered in icy blue
                  | scales. (AC +2) [demonic ancestry]
   176 | D:1      | Reached XP level 2. HP: 17/22 MP: 2/2
  1027 | D:2      | Reached XP level 3. HP: 26/28 MP: 3/3
  1521 | D:2      | Gained mutation: You have a pair of small horns on your
                  | head. [demonic ancestry]
  1521 | D:2      | Reached XP level 4. HP: 34/34 MP: 4/4
  1728 | D:2      | Found a blossoming altar of Fedhas.
  1753 | D:2      | Noticed an oklob plant
  2091 | D:3      | Reached skill level 4 in Long Blades
  2442 | D:3      | Noticed Ijyb
  2896 | D:3      | Gained mutation: When hurt, damage is shared between your
                  | health and your magic reserves. [demonic ancestry]
  2896 | D:3      | Reached XP level 5. HP: 41/41 MP: 5/5
  2946 | D:3      | Killed from afar by Ijyb

Vault maps used:
D:1:      co_arrival_random_square_maze
D:2:      lemuel_upstairs_altar, tgw_fedhas
D:3:      patterned_corridor, uniq_ijyb

Skill      XL: |  1  2  3  4 |
---------------+-------------+-----
Long Blades    | 3 4 |  4.1
Dodging        | 3 |  3.4
Fighting       | 3 |  3.1
Throwing       | |  1.7

Action                   |  1- 3 |  4- 6 || total
-------------------------+-------+-------++-------
Melee: Long sword        |   103 |    67 ||   170
       Headbutt          |       |    13 ||    13
  Use: Scroll            |     5 |     1 ||     6
       Potion            |     1 |       ||     1
 Stab: Sleeping          |     3 |     1 ||     4
  Eat: Chunk             |     2 |     5 ||     7
Armor: Leather armour    |    51 |    23 ||    74
Dodge: Dodged            |   104 |    52 ||   156
       Rpst.: Long sword |    24 |    22 ||    46

Table legend:
 A = Non-vault XP
 B = Vault XP
 C = Vault XP percentage of total XP
 D = Non-vault monster count
 E = Vault monster count
 F = Vault count percentage of total count
                 A         B        C        D         E       F
            +---------+---------+-------+---------+---------+-------
      Total |     201 |       0 |   0.0 |      63 |       0 |   0.0
            +---------+---------+-------+---------+---------+-------
        D:1 |      33 |       0 |   0.0 |      20 |       0 |   0.0
        D:2 |      99 |       0 |   0.0 |      23 |       0 |   0.0
        D:3 |      69 |       0 |   0.0 |      20 |       0 |   0.0
            +---------+---------+-------+---------+---------+-------
